 Dungeon Crawl Stone Soup version 0.27-a0-40-g5f2be0e231 (webtiles) character file.

Game seed: 6546651285473495786

167 jestyr24 the Slinger (level 5, -1/35 HPs)
             Began as a Halfling Hunter on Jan 6, 2021.
             Slain by Grinder (4 damage)
             ... while paralysed by Grinder
             ... on level 3 of the Dungeon.
             The game lasted 00:13:56 (2432 turns).

jestyr24 the Slinger (Halfling Hunter)              Turns: 2432, Time: 00:13:57

Health: -1/35      AC:  3    Str: 13    XL:     5   Next: 76%
Magic:  5/5        EV:  3    Int:  9    God:
Gold:   146        SH:  0    Dex: 16    Spells: 4/4 levels left

rFire    . . .     SeeInvis .   a - +1 hunting sling
rCold    . . .     Faith    .   (shield restricted)
rNeg     . . .     Spirit   .   c - +0 leather armour
rPois    .         Reflect  .   (no helmet)
rElec    .         Harm     .   (no cloak)
rCorr    .         Rampage  .   (no gloves)
Will     .....                  (no boots)
Stlth    +++.......             n - amulet of regeneration
HPRegen  0.51/turn              e - ring of stealth
MPRegen  0.09/turn              j - ring of wizardry

@: paralysed
A: small, mutation resistance 1
a: no special abilities


You were on level 3 of the Dungeon.
You visited 1 branch of the dungeon, and saw 3 of its levels.

You collected 146 gold pieces.

Inventory:

Hand Weapons
 a - a +1 hunting sling (weapon)
 b - a +0 short sword
Missiles
 d - 19 sling bullets
 h - 41 stones (quivered ammo)
 k - 5 boomerangs
 p - 9 poisoned darts
Armour
 c - a +0 leather armour (worn)
Jewellery
 e - a ring of stealth (left hand)
 j - a ring of wizardry (right hand)
 n - an amulet of regeneration (around neck)
 o - an uncursed ring of flight {unknown}
Scrolls
 f - a scroll of identify {unknown}
 g - a scroll of blinking {unknown}
 l - 3 scrolls of fog {unknown}
 m - a scroll of teleportation {unknown}
 q - a scroll of magic mapping {unknown}
 r - a scroll of remove curse {unknown}
Potions
 i - a potion of might {unknown}
 s - a potion of brilliance {unknown}


   Skills:
 + Level 2.6 Fighting
 + Level 8.6 Slings
 + Level 1.0 Armour
 + Level 2.3 Dodging
 + Level 1.2 Stealth


You had 4 spell levels left.
You didn't know any spells.
Your spell library was empty.

Dungeon Overview and Level Annotations

Branches:
Dungeon (3/15)

Altars:

Annotations:
D:3 Grinder


Innate Abilities, Weirdness & Mutations

You are small and have problems with some larger weapons.
You are somewhat resistant to further mutation.


Message History

You shoot a stone.
The stone hits Grinder but does no damage.
Grinder is severely wounded.
Grinder gestures at you. You resist with significant effort.
Fire: 43 stones
Press: ? - help, Q - select action, (/) - cycle Shift-Dir - straight line, f/p - Grinder
Aim: Grinder (severely wounded)
You shoot a stone. The stone hits Grinder.
Grinder is severely wounded.
An adder comes into view.
Fire: 42 stones
Press: ? - help, Q - select action, (/) - cycle Shift-Dir - straight line, f/p - Grinder
Aim: Grinder (severely wounded)
You shoot a stone. The stone barely misses Grinder.
The adder hisses angrily.
Grinder gestures at you.
You suddenly lose the ability to move!
Grinder hits you.
You die...

##.# (. #.# #(
#.## #. #.†## #.
##..# #.## ##.#
#.(# #.#
#######5######.###
.S.....@.........#
########..####...#
##†# ##### #†##
#..# ##.# #.#
#)### #...##


You could see Grinder and an adder.

Vanquished Creatures
  An ogre (D:3)
  3 adders (D:2)
  4 dart slugs
  4 bats
  6 goblins
  8 hobgoblins
  7 jackals (D:3)
  3 kobolds
  2 ball pythons
  4 frilled lizards (D:2)
  7 rats
49 creatures vanquished.

Notes
Turn   | Place    | Note
-------+----------+-------------------------------------------
     0 | D:1      | jestyr24 the Halfling Hunter began the quest for the Orb.
     0 | D:1      | Reached XP level 1. HP: 14/14 MP: 1/1
   114 | D:1      | Reached skill level 6 in Slings
   345 | D:1      | Reached XP level 2. HP: 19/19 MP: 2/2
  1169 | D:2      | Reached XP level 3. HP: 24/24 MP: 3/3
  1282 | D:2      | Reached skill level 7 in Slings
  1400 | D:2      | Reached XP level 4. HP: 18/29 MP: 4/4
  2302 | D:3      | Noticed an ogre
  2309 | D:3      | HP: 1/30 [ogre/+0 giant club (19)]
  2312 | D:3      | Killed an ogre
  2313 | D:3      | Reached skill level 8 in Slings
  2313 | D:3      | Reached skill level 1 in Armour
  2313 | D:3      | Reached XP level 5. HP: 2/35 MP: 5/5
  2405 | D:3      | Noticed Grinder
  2407 | D:3      | Paralysed by Grinder for 4 turns
  2428 | D:3      | HP: 1/35 [Grinder (1)]
  2431 | D:3      | Paralysed by Grinder for 6 turns
  2432 | D:3      | Slain by Grinder

Illustrated notes

Levels and vault maps discovered:
D:1:      erik_arrival_cave_to_civilisation [erik_arrival_cave_to_hall],
          layout_loops_corners
D:2:      layout_basic
D:3:      layout_rooms, kennysheep_generic_room_14, uniq_grinder, uniq_terence

Skill      XL: |  1  2  3  4 |
---------------+-------------+-----
Slings         | 6 7 8 |  8.6
Fighting       | 2 |  2.6
Armour         | 1 |  1.0
Dodging        | |  2.3
Stealth        | |  1.2

Action                   |  1- 3 |  4- 6 || total
-------------------------+-------+-------++-------
 Fire: Hunting sling     |    65 |   114 ||   179
Armor: Leather armour    |     3 |     8 ||    11
Dodge: Dodged            |    16 |    33 ||    49

Table legend: (Time is in decaauts)
 A = Elapsed time spent in this place.
 B = Non-inter-level travel time spent in this place.
 C = Inter-level travel time spent in this place.
 D = Time resting spent in this place.
 E = Time spent auto-exploring this place.
 F = Levels seen in this place.
 G = Mean time per level.
                   A        B        C        D        E       F      G
               +--------+--------+--------+--------+--------+-----+--------+
         Total |   2400 |   2340 |     60 |    198 |   1657 |   3 |  800.0 |
       Dungeon |   2400 |   2340 |     60 |    198 |   1657 |   3 |  800.0 |
               +--------+--------+--------+--------+--------+-----+--------+

Top non-repeatable levels by time:
     D:1: 1102 daAuts
     D:2: 1073 daAuts
     D:3: 225 daAuts
